General information
- name: BNet
- type: Ladder team game (AT/RT)
- host: Battle.net
- saver: FlameChallenger
map: Deadlock
- players: 8
- length: 31:26
- speed: Fast
- version: 1.26 W3XP
- replay type: Public
» download(187 KB)
Players
team 1 (loser)

»
Breeze. (
teal | 65 APM | 1711 actions | 26:17)
6 Mountain King
3 Storm Bolt
1 Thunder Clap
1 Bash
1 Avatar
» actions
| Assign group hotkey | 27 | |
| Build / train | 88 | |
| Enter build submenu | 26 | |
| Enter hero's abilities submenu | 8 | |
| Give item / drop item | 2 | |
| Remove unit from queue | 8 | |
| Right click | 774 | |
| Select / deselect | 415 | |
| Select group hotkey | 287 | |
| Use ability | 76 | |
1711 total
» units
| Peasant | 26 | |
| Footman | 9 | |
| Rifleman | 8 | |
| Priest | 10 | |
53 total
» upgrades
| Defend | 1 | |
| Gunpowder | 3 | |
| Long Rifles | 1 | |
| Masonry | 2 | |
| Armor | 1 | |
| Priest Training | 2 | |
10 total
» buildings
| Altar of Kings | 1 | |
| Farm | 10 | |
| Barracks | 2 | |
| Lumber Mill | 1 | |
| Arcane Vault | 1 | |
| Keep | 1 | |
| Blacksmith | 1 | |
| Town Hall | 2 | |
| Castle | 1 | |
| Arcane Sanctum | 1 | |
| Gryphon Aviary | 6 | |
27 total
» build order
00:13 Altar of Kings
00:18 Farm
00:26 Barracks
00:55 Farm
01:35 Farm
02:55 Farm
03:45 Farm
03:50 Lumber Mill
04:24 Arcane Vault
04:54 Keep
05:32 Blacksmith
05:34 Farm
05:35 Farm
06:39 Barracks
09:38 Town Hall
09:43 Farm
09:44 Farm
09:45 Farm
10:17 Castle
10:38 Arcane Sanctum
17:39 Gryphon Aviary
17:41 Gryphon Aviary
17:43 Gryphon Aviary
20:02 Gryphon Aviary
20:04 Gryphon Aviary
20:06 Gryphon Aviary
25:13 Town Hall
» items
| Healing Salve | 1 | |
| Lesser Clarity Potion | 1 | |
| Scroll of Regeneration | 1 | |
| Scroll of Town Portal | 1 | |
| Orb of Fire | 1 | |
| Orb of Lightning | 1 | |
| Tiny Great Hall | 1 | |
| Boots of Speed | 1 | |
| Staff of Teleportation | 1 | |
9 total

»
Mauriac (
orange | 37 APM | 1153 actions | 31:23)
5 Far Seer
3 Feral Spirit
2 Chain Lighting
» actions
| Assign group hotkey | 20 | |
| Basic commands | 5 | |
| Build / train | 47 | |
| Enter build submenu | 21 | |
| Enter hero's abilities submenu | 6 | |
| Right click | 684 | |
| Select / deselect | 279 | |
| Select group hotkey | 17 | |
| Use ability | 74 | |
1153 total
» units
| Peon | 8 | |
| Grunt | 8 | |
| Demolisher | 1 | |
| Troll Witch Doctor | 4 | |
| Shaman | 3 | |
| Wind Rider | 2 | |
26 total
» upgrades
| Berserker Strength | 1 | |
| Witch Doctor Training | 2 | |
| Shaman Training | 2 | |
| Burning Oil | 1 | |
| Envenomed Spears | 1 | |
7 total
» buildings
| Altar of Storms | 1 | |
| Orc Burrow | 8 | |
| Barracks | 2 | |
| Stronghold | 1 | |
| War Mill | 1 | |
| Voodoo Lounge | 1 | |
| Watch Tower | 1 | |
| Spirit Lodge | 2 | |
| Fortress | 1 | |
| Beastiary | 1 | |
| Great Hall | 2 | |
21 total
» build order
00:13 Altar of Storms
00:19 Orc Burrow
00:34 Orc Burrow
00:57 Barracks
01:35 Orc Burrow
02:29 Orc Burrow
03:55 Stronghold
04:14 War Mill
04:32 Voodoo Lounge
07:16 Watch Tower
07:32 Barracks
08:43 Spirit Lodge
08:50 Orc Burrow
09:38 Fortress
09:48 Spirit Lodge
10:38 Orc Burrow
13:59 Beastiary
15:31 Orc Burrow
16:21 Orc Burrow
23:52 Great Hall
24:10 Great Hall
» items
| Scroll of Speed | 1 | |
| Healing Salve | 3 | |
| Lesser Clarity Potion | 1 | |
5 total
ghetto_fabulous (
blue | 45 APM | 873 actions | 19:24)
4 Death Knight
2 Death Coil
2 Unholy Aura
1 Crypt Lord
1 Impale
» actions
| Assign group hotkey | 27 | |
| Basic commands | 14 | |
| Build / train | 53 | |
| Enter build submenu | 31 | |
| Enter hero's abilities submenu | 5 | |
| Give item / drop item | 2 | |
| Right click | 304 | |
| Select / deselect | 238 | |
| Select group hotkey | 137 | |
| Use ability | 62 | |
873 total
» units
| Acolyte | 15 | |
| Ghoul | 3 | |
| Crypt Fiend | 11 | |
| Obsidian Statue | 2 | |
31 total
» upgrades
| Creature Attack | 2 | |
| Creature Carapace | 1 | |
| Web | 1 | |
| Freezing Breath | 1 | |
5 total
» buildings
| Altar of Darkness | 1 | |
| Ziggurat | 9 | |
| Crypt | 2 | |
| Tomb of Relics | 1 | |
| Graveyard | 1 | |
| Halls of the Dead | 1 | |
| Black Citadel | 1 | |
| Slaughterhouse | 1 | |
| Sacrificial Pit | 1 | |
| Necropolis | 1 | |
| Boneyard | 2 | |
| Spirit Tower | 4 | |
25 total
» build order
01:03 Altar of Darkness
01:06 Ziggurat
01:09 Crypt
01:14 Tomb of Relics
01:19 Graveyard
01:31 Ziggurat
02:34 Ziggurat
03:21 Ziggurat
04:55 Halls of the Dead
07:01 Crypt
07:13 Ziggurat
07:16 Black Citadel
07:23 Slaughterhouse
08:05 Sacrificial Pit
13:30 Necropolis
13:40 Boneyard
14:21 Boneyard
14:36 Ziggurat
14:42 Ziggurat
14:45 Ziggurat
14:49 Ziggurat
15:32 Spirit Tower
15:37 Spirit Tower
15:46 Spirit Tower
15:56 Spirit Tower
» items
| Rod of Necromancy | 2 | |
| Dust of Appearance | 1 | |
| Scroll of Town Portal | 1 | |
4 total

»
WhistlePig (
pink | 35 APM | 1089 actions | 31:14)
4 Far Seer
2 Feral Spirit
2 Chain Lighting
2 Shadow Hunter
1 Serpent Ward
1 Healing Wave
2 Dark Ranger
1 Black Arrow
1 Life Drain
1 Death Knight
1 Death Coil
» actions
| Basic commands | 26 | |
| Build / train | 117 | |
| Enter build submenu | 25 | |
| Enter hero's abilities submenu | 9 | |
| Right click | 442 | |
| Select / deselect | 395 | |
| Use ability | 75 | |
1089 total
» units
| Peon | 22 | |
| Troll Headhunter/Berserker | 55 | |
| Frost Wyrm | 4 | |
| Wind Rider | 3 | |
| Peasant | 3 | |
87 total
» upgrades
| Ranged Weapons | 3 | |
| Armor | 3 | |
| Spiked Barricades | 3 | |
| Troll Regeneration | 1 | |
| Berserker Upgrade | 1 | |
| Reinforced Defenses | 1 | |
| Envenomed Spears | 1 | |
13 total
» buildings
| Orc Burrow | 9 | |
| Altar of Storms | 1 | |
| War Mill | 1 | |
| Barracks | 2 | |
| Great Hall | 6 | |
| Stronghold | 1 | |
| Watch Tower | 2 | |
| Fortress | 1 | |
| Voodoo Lounge | 1 | |
| Spirit Tower | 3 | |
| Beastiary | 2 | |
29 total
» build order
00:11 Orc Burrow
00:24 Altar of Storms
00:57 War Mill
01:18 Barracks
01:52 Orc Burrow
02:21 Orc Burrow
02:52 Orc Burrow
05:01 Great Hall
05:07 Stronghold
06:44 Watch Tower
07:12 Barracks
09:20 Great Hall
09:28 Orc Burrow
09:44 Fortress
11:43 Watch Tower
13:50 Orc Burrow
15:23 Voodoo Lounge
16:30 Orc Burrow
18:05 Great Hall
18:38 Orc Burrow
18:51 Great Hall
19:28 Spirit Tower
19:30 Spirit Tower
19:31 Spirit Tower
21:36 Orc Burrow
23:34 Beastiary
23:39 Beastiary
25:24 Great Hall
29:33 Great Hall
team 2 (winner)
FlameChallenger (
purple | 65 APM | 2058 actions | 31:26)
9 Blood Mage
3 Flame Strike
3 Siphon Mana
1 Summon Phoenix
2 Banish
4 Lich
2 Frost Nova
1 Frost Armor
1 Death and Decay
2 Death Knight
1 Unholy Aura
1 Death Coil
» actions
| Assign group hotkey | 25 | |
| Basic commands | 34 | |
| Build / train | 107 | |
| Enter build submenu | 44 | |
| Enter hero's abilities submenu | 15 | |
| Give item / drop item | 2 | |
| Remove unit from queue | 1 | |
| Right click | 828 | |
| Select / deselect | 482 | |
| Select group hotkey | 354 | |
| Use ability | 165 | |
2058 total
» units
| Peasant | 15 | |
| Footman | 4 | |
| Sorceress | 3 | |
| Mortar Team | 4 | |
26 total
» upgrades
| Lumber Harvesting | 2 | |
| Sorceress Training | 1 | |
| Magic Sentry | 1 | |
| Masonry | 3 | |
| Gunpowder | 3 | |
| Armor | 3 | |
| Fragmentation Shards | 1 | |
| Flare | 1 | |
| Animal War Training | 1 | |
16 total
» buildings
| Altar of Kings | 1 | |
| Barracks | 1 | |
| Farm | 4 | |
| Keep | 1 | |
| Town Hall | 4 | |
| Arcane Vault | 1 | |
| Lumber Mill | 1 | |
| Scout Tower | 35 | |
| Arcane Sanctum | 1 | |
| Guard Tower | 9 | |
| Arcane Tower | 2 | |
| Blacksmith | 2 | |
| Workshop | 2 | |
| Castle | 1 | |
| Spirit Tower | 1 | |
66 total
» build order
00:37 Altar of Kings
00:39 Barracks
00:50 Farm
00:54 Farm
01:05 Farm
02:03 Farm
03:40 Keep
03:54 Town Hall
04:18 Arcane Vault
05:01 Lumber Mill
06:44 Scout Tower
06:44 Scout Tower
06:45 Scout Tower
06:50 Arcane Sanctum
07:48 Guard Tower
07:53 Scout Tower
07:56 Scout Tower
07:57 Scout Tower
08:56 Arcane Tower
09:18 Blacksmith
10:25 Workshop
10:26 Workshop
10:29 Castle
13:56 Blacksmith
14:01 Guard Tower
21:15 Spirit Tower
21:18 Scout Tower
21:19 Scout Tower
21:19 Scout Tower
21:19 Scout Tower
21:23 Scout Tower
21:24 Scout Tower
23:05 Arcane Tower
23:06 Guard Tower
24:57 Town Hall
24:59 Scout Tower
25:00 Scout Tower
25:00 Scout Tower
25:00 Scout Tower
25:01 Scout Tower
25:01 Scout Tower
25:02 Scout Tower
25:02 Scout Tower
25:55 Town Hall
26:00 Guard Tower
26:02 Scout Tower
26:02 Scout Tower
26:02 Scout Tower
26:03 Scout Tower
26:03 Scout Tower
26:04 Scout Tower
26:04 Scout Tower
26:04 Scout Tower
26:06 Scout Tower
26:29 Guard Tower
26:31 Guard Tower
26:32 Guard Tower
27:25 Guard Tower
29:05 Scout Tower
29:05 Scout Tower
29:05 Scout Tower
29:06 Scout Tower
29:06 Scout Tower
29:07 Scout Tower
30:03 Guard Tower
31:18 Town Hall
» items
| Scroll of Regeneration | 6 | |
| Scroll of Town Portal | 6 | |
| Lesser Clarity Potion | 4 | |
| Potion of Mana | 4 | |
| Boots of Speed | 1 | |
| Potion of Invisibility | 3 | |
| Potion of Healing | 7 | |
| Orb of Corruption | 1 | |
| Periapt of Vitality | 1 | |
33 total
BrodoFaggins (
red | 93 APM | 931 actions | 10:03)
3 Death Knight
2 Death Coil
1 Unholy Aura
1 Lich
1 Frost Armor
» actions
| Assign group hotkey | 176 | |
| Basic commands | 88 | |
| Build / train | 32 | |
| ESC pressed | 2 | |
| Enter build submenu | 9 | |
| Enter hero's abilities submenu | 4 | |
| Right click | 285 | |
| Select / deselect | 131 | |
| Select group hotkey | 175 | |
| Use ability | 29 | |
931 total
» units
| Acolyte | 2 | |
| Ghoul | 2 | |
| Crypt Fiend | 11 | |
15 total
» upgrades
| Creature Attack | 1 | |
| Creature Carapace | 1 | |
2 total
» buildings
| Graveyard | 1 | |
| Crypt | 1 | |
| Altar of Darkness | 1 | |
| Ziggurat | 4 | |
| Tomb of Relics | 1 | |
| Halls of the Dead | 2 | |
| Black Citadel | 1 | |
11 total
» build order
00:12 Graveyard
00:16 Crypt
00:41 Altar of Darkness
00:56 Ziggurat
01:30 Tomb of Relics
02:12 Ziggurat
03:30 Halls of the Dead
03:30 Halls of the Dead
04:14 Ziggurat
05:30 Ziggurat
07:46 Black Citadel
» items
| Rod of Necromancy | 1 | |
| Dust of Appearance | 1 | |
2 total
BIGfag (
green | 52 APM | 1618 actions | 31:23)
6 Archmage
3 Summon Water Elemental
2 Brilliance Aura
1 Mass Teleport
» actions
| Assign group hotkey | 3 | |
| Build / train | 79 | |
| Enter build submenu | 26 | |
| Enter hero's abilities submenu | 6 | |
| Right click | 794 | |
| Select / deselect | 511 | |
| Select group hotkey | 77 | |
| Use ability | 122 | |
1618 total
» units
| Peasant | 21 | |
| Mortar Team | 13 | |
| Sorceress | 6 | |
40 total
» upgrades
| Masonry | 3 | |
| Lumber Harvesting | 1 | |
| Gunpowder | 3 | |
| Sorceress Training | 2 | |
| Fragmentation Shards | 1 | |
| Flare | 1 | |
| Armor | 2 | |
13 total
» buildings
| Lumber Mill | 1 | |
| Farm | 10 | |
| Altar of Kings | 1 | |
| Scout Tower | 10 | |
| Guard Tower | 9 | |
| Blacksmith | 1 | |
| Arcane Vault | 1 | |
| Keep | 1 | |
| Workshop | 1 | |
| Arcane Sanctum | 1 | |
| Castle | 1 | |
37 total
» build order
00:20 Lumber Mill
00:23 Farm
01:03 Altar of Kings
01:38 Scout Tower
01:54 Farm
02:03 Scout Tower
02:04 Guard Tower
02:09 Scout Tower
02:33 Scout Tower
02:35 Guard Tower
02:37 Guard Tower
02:44 Scout Tower
03:02 Guard Tower
03:55 Farm
04:07 Blacksmith
04:28 Farm
06:44 Arcane Vault
06:53 Farm
07:01 Keep
07:06 Farm
07:27 Scout Tower
07:28 Scout Tower
07:39 Scout Tower
07:42 Scout Tower
08:04 Guard Tower
08:18 Guard Tower
08:23 Farm
08:30 Guard Tower
08:35 Scout Tower
08:43 Guard Tower
08:53 Farm
09:02 Guard Tower
09:40 Workshop
09:46 Arcane Sanctum
10:06 Castle
11:20 Farm
12:01 Farm
» items
| Potion of Healing | 3 | |
| Scroll of Town Portal | 4 | |
| Scroll of Regeneration | 1 | |
8 total
duckbutter88 (
yellow | 27 APM | 833 actions | 31:23)
6 Crypt Lord
3 Impale
2 Spiked Carapace
1 Locust Swarm
1 Death Knight
1 Unholy Aura
3 Dreadlord
2 Vampiric Aura
1 Sleep
2 Lich
1 Frost Nova
1 Frost Armor
» actions
| Basic commands | 25 | |
| Build / train | 119 | |
| Enter build submenu | 24 | |
| Enter hero's abilities submenu | 12 | |
| Right click | 291 | |
| Select / deselect | 297 | |
| Use ability | 65 | |
833 total
» units
| Acolyte | 2 | |
| Ghoul | 21 | |
| Necromancer | 24 | |
| Abomination | 15 | |
| Crypt Fiend | 16 | |
| Meatwagon | 3 | |
81 total
» upgrades
| Unholy Strength | 3 | |
| Unholy Armor | 4 | |
| Necromancer Training | 2 | |
| Skeletal Longevity | 1 | |
| Disease Cloud | 1 | |
| Skeletal Mastery | 1 | |
| Web | 1 | |
| Creature Attack | 2 | |
| Creature Carapace | 2 | |
| Ghoul Frenzy | 1 | |
| Exhume Corpses | 2 | |
20 total
» buildings
| Crypt | 1 | |
| Ziggurat | 12 | |
| Graveyard | 2 | |
| Altar of Darkness | 1 | |
| Halls of the Dead | 1 | |
| Black Citadel | 1 | |
| Slaughterhouse | 1 | |
| Temple of the Damned | 1 | |
| Sacrificial Pit | 1 | |
| Boneyard | 2 | |
| Spirit Tower | 2 | |
25 total
» build order
00:12 Crypt
00:18 Ziggurat
00:53 Graveyard
02:18 Ziggurat
03:00 Altar of Darkness
03:36 Halls of the Dead
03:52 Ziggurat
07:05 Black Citadel
07:18 Slaughterhouse
07:26 Temple of the Damned
08:15 Graveyard
10:56 Ziggurat
11:08 Ziggurat
11:14 Ziggurat
18:37 Ziggurat
18:41 Ziggurat
18:45 Ziggurat
18:50 Ziggurat
28:22 Sacrificial Pit
28:28 Ziggurat
28:33 Ziggurat
29:51 Boneyard
29:57 Boneyard
30:02 Spirit Tower
30:03 Spirit Tower
Chat log
(01:18 / Allies) BrodoFaggins: dk lich fiends frosts tho
(01:42 / Allies) FlameChallenger: Are we taking the ring to Mordor, bro?
(01:46 / Allies) duckbutter88: dl melee
(02:06 / Allies) BrodoFaggins: yea sumthing like that
(05:03 / Allies) FlameChallenger: HELP HIM
(05:08 / Allies) FlameChallenger: red
(05:13 / Allies) BrodoFaggins: gaykk
(05:24 / Allies) BIGfag: ...
(09:58 / Allies) BIGfag: wood plz
(10:08 / Allies) FlameChallenger: wtf
(10:21 / Allies) FlameChallenger: who has him?
(11:18 / Allies) FlameChallenger: someone take red or I'm leaving
(11:26 / Allies) duckbutter88: I will
(11:40 / Allies) BIGfag: yellow wood plz
(11:52 / All) FlameChallenger: wow teal talk about being in the right place at the right time and great reaction fucking faggot mher
(12:35 / Allies) FlameChallenger: tp with what you have green or it's over
(13:10 / Allies) FlameChallenger: tp green
(13:39 / Allies) FlameChallenger: You got red yellow?
(13:53 / Allies) BIGfag: yellow wood plz
(15:17 / Allies) duckbutter88: meet at red lets go
(19:40 / Allies) duckbutter88: go hit
(19:54 / Allies) FlameChallenger: blue has no acos
(19:59 / Allies) FlameChallenger: jesus christ wtf
(20:20 / Allies) FlameChallenger: Why are these douches leaving
(22:59 / All) FlameChallenger: loool
(23:04 / Allies) duckbutter88: go get em
(23:15 / Allies) FlameChallenger: oh you gave me control I thought you left lawl
(23:18 / Allies) FlameChallenger: I was like wtf
(23:21 / Allies) BIGfag: rofl
(23:22 / Allies) BIGfag: same
(26:48 / All) FlameChallenger: I haven't went over 47 food
(29:37 / Allies) FlameChallenger: lumber?